MLB
CINCINNATI REDS @ CHICAGO CUBS
08/06/2025
 
TOP OF THE 1ST
Cincinnati Reds batting - Pitching for Chicago Cubs : RHP Noel Richards
Pitching: RHP Noel Richards
Batting: LHB José Parra 0-0: Swinging Strike
0-1: Ball
1-1: Ball
2-1: Ball
3-1: Called Strike
3-2: Foul Ball, location: 2F
3-2: Foul Ball, location: 7LMF
3-2: Base on Balls
Batting: LHB Mike Lambright 0-0: Called Strike
0-1: Ball
1-1: Ball
2-1: Ball
3-1: Ground out 6-3 (Groundball, P, EV 90.6 MPH)
José Parra to second
Batting: RHB Tito Polo 0-0: Ball
1-0: Called Strike
1-1: Ball
2-1: SINGLE (Line Drive, 89S, EV 97.5 MPH)
José Parra to third
Runner from 3rd tries for Home, SAFE, throw by CF to home
Tito Polo to second
Batting: RHB Jeff Adams 0-0: Ball
1-0: Ball
2-0: Ball
3-0: Base on Balls
Batting: RHB Diory Paulino 0-0: Foul Ball, location: 3FF
0-1: Swinging Strike
0-2: Strikes out swinging
Batting: SHB Leury Garcia 0-0: Ground out 1-3 (Groundball, 13S, EV 74.4 MPH)
Top of the 1st over - 1 run, 1 hit, 0 errors, 2 left on base; Cincinnati 1 - Chicago 0
BOTTOM OF THE 1ST
Chicago Cubs batting - Pitching for Cincinnati Reds : LHP Chris Kohler
Pitching: LHP Chris Kohler
Batting: LHB Ron Hicks 0-0: Ball
1-0: Ball
2-0: Ground out 4-3 (Groundball, 4S, EV 86.3 MPH)
Batting: RHB Kevin Wilson 0-0: TRIPLE (Line Drive, 9LD, EV 105.6 MPH)
Batting: RHB Franklin Barreto 0-0: Called Strike
0-1: Ball
1-1: Foul Ball, location: 2F
1-2: Foul Ball, location: 3SF
1-2: Reached on error, E3 (Groundball, 34, EV 102.5 MPH)
Kevin Wilson scores
Batting: RHB Ben Collins 0-0: Fly out, F3 (Popup, 3SF, EV 77.5 MPH)
Batting: RHB Stephen Piscotty 0-0: Called Strike
Franklin Barreto steals 2nd base (no throw)
0-1: Ball
1-1: Called Strike
1-2: Foul Ball, location: 5F
1-2: Ground out 6-3 (Groundball, 6S, EV 70.0 MPH)
Bottom of the 1st over - 1 run, 1 hit, 1 error, 1 left on base; Cincinnati 1 - Chicago 1
TOP OF THE 2ND
Cincinnati Reds batting - Pitching for Chicago Cubs : RHP Noel Richards
Batting: LHB José Morán 0-0: Foul Ball, location: 3F
0-1: Ball
1-1: Fly out, F8 (Flyball, 78S, EV 86.9 MPH)
Batting: RHB Amerigo Maria Lamb 0-0: Ball
1-0: Called Strike
1-1: SINGLE (Line Drive, 89S, EV 107.5 MPH)
Batting: RHB Dan Beggar 0-0: Called Strike
0-1: Ball
1-1: Bunted foul
1-2: Ball
2-2: Foul Ball, location: 2F
2-2: Fly out, F9 (Line Drive, 9, EV 100.6 MPH)
Batting: LHB José Parra 0-0: Swinging Strike
0-1: Ground out 6-3 (Groundball, 6M, EV 104.4 MPH)
Top of the 2nd over - 0 runs, 1 hit, 0 errors, 1 left on base; Cincinnati 1 - Chicago 1
BOTTOM OF THE 2ND
Chicago Cubs batting - Pitching for Cincinnati Reds : LHP Chris Kohler
Batting: LHB Dave Hopper 0-0: Called Strike
0-1: Foul Ball, location: 7LMF
0-2: Foul Ball, location: 25F
0-2: Ball
1-2: Ball
2-2: Ground out U3 (Groundball, 34S, EV 82.5 MPH)
Batting: RHB Kris Bryant 0-0: Called Strike
0-1: Called Strike
0-2: Hit by Pitch
Batting: SHB Fidel Mejia 0-0: Ball
1-0: Ball
2-0: Foul Ball, location: 2F
2-1: Fly out, F8 (Flyball, 8RM, EV 91.9 MPH)
Batting: SHB Daniel Guerrero 0-0: Called Strike
0-1: Swinging Strike
0-2: Strikes out swinging
Bottom of the 2nd over - 0 runs, 0 hits, 0 errors, 1 left on base; Cincinnati 1 - Chicago 1
TOP OF THE 3RD
Cincinnati Reds batting - Pitching for Chicago Cubs : RHP Noel Richards
Batting: LHB Mike Lambright 0-0: Ball
1-0: Ground out 4-3 (Groundball, 4, EV 86.9 MPH)
Batting: RHB Tito Polo 0-0: Ball
1-0: Called Strike
1-1: Foul Ball, location: 2RF
1-2: Foul Ball, location: 25F
1-2: Ball
2-2: Foul Ball, location: 23FF
2-2: Ball
3-2: Fly out, F7 (Flyball, 7, EV 75.0 MPH)
Batting: RHB Jeff Adams 0-0: Foul Ball, location: 7LMF
0-1: Ball
1-1: Fly out, F8 (Line Drive, 8RD, EV 90.0 MPH)
Top of the 3rd over - 0 runs, 0 hits, 0 errors, 0 left on base; Cincinnati 1 - Chicago 1
BOTTOM OF THE 3RD
Chicago Cubs batting - Pitching for Cincinnati Reds : LHP Chris Kohler
Batting: LHB Ron Hicks 0-0: Called Strike
0-1: Foul Ball, location: 3SF
0-2: Foul Ball, location: 2F
0-2: Ball
1-2: Ball
2-2: Foul Ball, location: 5DF
2-2: Fly out, F7 (Flyball, 7, EV 93.1 MPH)
Batting: RHB Kevin Wilson 0-0: Ball
1-0: Fly out, F6 (Popup, 6M, EV 56.9 MPH)
Batting: RHB Franklin Barreto 0-0: Ball
1-0: SINGLE (Line Drive, 7S, EV 98.8 MPH)
Batting: RHB Ben Collins 0-0: Hit by Pitch
Franklin Barreto to second
Batting: RHB Stephen Piscotty 0-0: Ball
1-0: Ball
2-0: Foul Ball, location: 2F
2-1: SINGLE (Groundball, 5D, EV 99.4 MPH)
Franklin Barreto to third
Ben Collins to second
Runner from 3rd tries for Home, SAFE, throw by LF to home
Batting: LHB Dave Hopper 0-0: Called Strike
0-1: Swinging Strike
0-2: Ball
1-2: Strikes out swinging
Bottom of the 3rd over - 1 run, 2 hits, 0 errors, 2 left on base; Cincinnati 1 - Chicago 2
TOP OF THE 4TH
Cincinnati Reds batting - Pitching for Chicago Cubs : RHP Noel Richards
Batting: RHB Diory Paulino 0-0: Called Strike
0-1: Foul Ball, location: 2F
0-2: Foul Ball, location: 5FF
0-2: Ball
1-2: Foul Ball, location: 9LMF
1-2: Foul Ball, location: 3SF
1-2: Ground out 6-3 (Groundball, 6, EV 103.1 MPH)
Batting: SHB Leury Garcia 0-0: Called Strike
0-1: Ball
1-1: Ball
2-1: Ball
3-1: SINGLE (Line Drive, 8LS, EV 100.6 MPH)
Batting: LHB José Morán 0-0: Ball
1-0: Foul Ball, location: 25FF
1-1: Ball
2-1: Called Strike
2-2: SINGLE (Line Drive, 7S, EV 86.3 MPH)
Leury Garcia to second
Batting: RHB Amerigo Maria Lamb 0-0: Called Strike
0-1: Foul Ball, location: 2F
0-2: Ball
1-2: Grounds into double play, 4-6-3 (Groundball, 4S, EV 88.8 MPH)
Top of the 4th over - 0 runs, 2 hits, 0 errors, 1 left on base; Cincinnati 1 - Chicago 2
BOTTOM OF THE 4TH
Chicago Cubs batting - Pitching for Cincinnati Reds : LHP Chris Kohler
Batting: RHB Kris Bryant 0-0: Ball
1-0: Called Strike
1-1: Ball
2-1: Foul Ball, location: 5F
2-2: Strikes out looking
Batting: SHB Fidel Mejia 0-0: Ground out U3 (Groundball, 3S, EV 86.9 MPH)
Batting: SHB Daniel Guerrero 0-0: Foul Ball, location: 2F
0-1: Called Strike
0-2: Ball
1-2: Ground out 5-3 (Groundball, 5L, EV 89.4 MPH)
Bottom of the 4th over - 0 runs, 0 hits, 0 errors, 0 left on base; Cincinnati 1 - Chicago 2
TOP OF THE 5TH
Cincinnati Reds batting - Pitching for Chicago Cubs : RHP Noel Richards
Pitching: LHP Tyler Matzek
Batting: RHB Dan Beggar 0-0: Fly out, F8 (Flyball, 8RD, EV 103.1 MPH)
Batting: LHB José Parra 0-0: Ground out U3 (Groundball, 13, EV 84.4 MPH)
Batting: LHB Mike Lambright 0-0: Ball
1-0: Ground out 3-1 (Groundball, 34, EV 83.8 MPH)
Top of the 5th over - 0 runs, 0 hits, 0 errors, 0 left on base; Cincinnati 1 - Chicago 2
BOTTOM OF THE 5TH
Chicago Cubs batting - Pitching for Cincinnati Reds : LHP Chris Kohler
Batting: LHB Ron Hicks 0-0: Ball
1-0: Ball
2-0: SINGLE (Line Drive, 9S, EV 95.0 MPH)
Batting: RHB Kevin Wilson 0-0: Called Strike
0-1: Foul Ball, location: 2F
0-2: Strikes out swinging
Batting: RHB Franklin Barreto 0-0: 2-RUN HOME RUN (Flyball, 89XD, EV 100.6 MPH), Distance : 395 ft
Batting: RHB Ben Collins 0-0: SINGLE (Line Drive, 9S, EV 95.0 MPH)
Batting: RHB Stephen Piscotty 0-0: SINGLE (Groundball, 34S, EV 70.6 MPH) (infield hit)
Ben Collins to second
Batting: LHB Dave Hopper 0-0: Ball
1-0: Swinging Strike
1-1: Ball
2-1: Ball
3-1: Foul Ball, location: 3FF
3-2: Foul Ball, location: 2F
3-2: Fly out, F6 (Line Drive, 6M, EV 66.9 MPH)
Lined into DP, 6-3 (Line Drive, 6M, EV 66.9 MPH)
Bottom of the 5th over - 2 runs, 4 hits, 0 errors, 1 left on base; Cincinnati 1 - Chicago 4
TOP OF THE 6TH
Cincinnati Reds batting - Pitching for Chicago Cubs : LHP Tyler Matzek
Batting: RHB Tito Polo 0-0: Swinging Strike
0-1: SINGLE (Line Drive, 3D, EV 96.3 MPH)
Batting: RHB Jeff Adams 0-0: Called Strike
Tito Polo steals 2nd base (no throw)
0-1: Called Strike
0-2: Strikes out swinging
Batting: RHB Diory Paulino 0-0: Ball
1-0: Ball
2-0: Ball
3-0: Ground out 6-3 (Groundball, 6, EV 83.8 MPH)
Tito Polo to third
Batting: SHB Leury Garcia 0-0: Ball
1-0: Ball
2-0: Foul Ball, location: 2F
2-1: Called Strike
2-2: SINGLE (Line Drive, 89S, EV 110.6 MPH)
Tito Polo scores
Batting: LHB José Morán 0-0: Ball
Leury Garcia steals 2nd base
1-0: Ball
2-0: Foul Ball, location: 7LDF
2-1: Fly out, F1 (Line Drive, P, EV 75.0 MPH)
Top of the 6th over - 1 run, 2 hits, 0 errors, 1 left on base; Cincinnati 2 - Chicago 4
BOTTOM OF THE 6TH
Chicago Cubs batting - Pitching for Cincinnati Reds : LHP Chris Kohler
Batting: RHB Kris Bryant 0-0: Ball
1-0: Called Strike
1-1: Ball
2-1: SINGLE (Line Drive, 4MD, EV 95.0 MPH)
Batting: SHB Fidel Mejia 0-0: SINGLE (Groundball, 34D, EV 98.1 MPH)
Kris Bryant to second
Runner from 2nd tries for 3rd, SAFE, throw by RF made to third
Batting: SHB Daniel Guerrero 0-0: SINGLE (Line Drive, 78S, EV 102.5 MPH)
Kris Bryant scores
Fidel Mejia to second
Pitching: RHP Jim Morris
Batting: LHB Ron Hicks 0-0: Foul Ball, location: 2F
0-1: Ball
1-1: Foul Ball, location: 2F
1-2: Foul Ball, location: 3F
1-2: Fielders Choice at 2nd, 3-6 (Groundball, 34S, EV 91.3 MPH)
Fidel Mejia to third
Batting: RHB Kevin Wilson 0-0: Fielders Choice at home, 5-2 (Groundball, 56S, EV 79.4 MPH)
Ron Hicks to second
Batting: RHB Franklin Barreto 0-0: Foul Ball, location: 2F
0-1: Foul Ball, location: 2F
0-2: Ball
1-2: TRIPLE (Line Drive, 89XD, EV 97.5 MPH)
Ron Hicks scores
Kevin Wilson scores
Batting: RHB Ben Collins 0-0: Ground out 6-3 (Groundball, 56, EV 90.0 MPH)
Bottom of the 6th over - 3 runs, 4 hits, 0 errors, 1 left on base; Cincinnati 2 - Chicago 7
TOP OF THE 7TH
Cincinnati Reds batting - Pitching for Chicago Cubs : LHP Tyler Matzek
Batting: RHB Amerigo Maria Lamb 0-0: Called Strike
0-1: Called Strike
0-2: Strikes out looking
Batting: RHB Dan Beggar 0-0: Foul Ball, location: 9LDF
0-1: Ball
1-1: Called Strike
1-2: Foul Ball, location: 2F
1-2: Foul Ball, location: 2F
1-2: Ball
2-2: Strikes out swinging
Batting: LHB José Parra 0-0: Ball
1-0: Ball
2-0: Ball
3-0: Called Strike
3-1: Base on Balls
Batting: LHB Mike Lambright 0-0: Ball
1-0: Called Strike
1-1: Called Strike
1-2: Fly out, F7 (Flyball, 7, EV 86.9 MPH)
Top of the 7th over - 0 runs, 0 hits, 0 errors, 1 left on base; Cincinnati 2 - Chicago 7
BOTTOM OF THE 7TH
Chicago Cubs batting - Pitching for Cincinnati Reds : RHP Jim Morris
Batting: RHB Stephen Piscotty 0-0: Called Strike
0-1: SINGLE (Groundball, 34S, EV 70.6 MPH) (infield hit)
Batting: LHB Dave Hopper 0-0: Ball
1-0: Called Strike
1-1: Foul Ball, location: 3FF
1-2: SINGLE (Line Drive, 8RS, EV 93.1 MPH)
Stephen Piscotty to second
Runner from 2nd tries for 3rd, SAFE, throw by CF made to third
Batting: RHB Kris Bryant 0-0: Foul Ball, location: 9LSF
0-1: Ball
Wild Pitch!
Stephen Piscotty scores
Dave Hopper to second
1-1: Foul Ball, location: 23FF
1-2: Strikes out swinging
Batting: SHB Fidel Mejia 0-0: Ball
1-0: Ball
2-0: Ball
3-0: Called Strike
3-1: Swinging Strike
3-2: Strikes out looking
Batting: SHB Daniel Guerrero 0-0: Ball
1-0: Called Strike
1-1: Ball
2-1: DOUBLE (Groundball, 3L, EV 106.9 MPH)
Dave Hopper scores
Batting: LHB Ron Hicks 0-0: Ball
1-0: Called Strike
1-1: Ball
2-1: Foul Ball, location: 7LSF
2-2: Ball
3-2: Fly out, F9 (Line Drive, 9, EV 91.3 MPH)
Bottom of the 7th over - 2 runs, 3 hits, 0 errors, 1 left on base; Cincinnati 2 - Chicago 9
TOP OF THE 8TH
Cincinnati Reds batting - Pitching for Chicago Cubs : LHP Tyler Matzek
Batting: RHB Tito Polo 0-0: Ball
1-0: Swinging Strike
1-1: Swinging Strike
1-2: Strikes out swinging
Batting: RHB Jeff Adams 0-0: Called Strike
0-1: Ball
1-1: SINGLE (Line Drive, 7S, EV 96.9 MPH)
Batting: RHB Diory Paulino 0-0: SINGLE (Line Drive, 8RS, EV 97.5 MPH)
Jeff Adams to second
Batting: SHB Leury Garcia 0-0: Ball
1-0: Ball
2-0: Ball
3-0: Base on Balls
Jeff Adams to third
Diory Paulino to second
Pinch Hitting: RHB Jose Peraza 0-0: Ball
1-0: SINGLE (Line Drive, 3D, EV 110.0 MPH)
Jeff Adams scores
Diory Paulino to third
Leury Garcia to second
Pitching: RHP Orlando Romero
Pinch Hitting: LHB Jesse Winker 0-0: Ball
1-0: Ball
2-0: Foul Ball, location: 5DF
2-1: Swinging Strike
2-2: Ball
3-2: Foul Ball, location: 5SF
3-2: Grounds into fielders choice 4-2 (Groundball, 4M, EV 85.6 MPH)
Leury Garcia to third
Jose Peraza to second
Batting: RHB Dan Beggar 0-0: Called Strike
0-1: Foul Ball, location: 2F
0-2: Fly out, F6 (Popup, 6, EV 63.8 MPH)
Top of the 8th over - 1 run, 3 hits, 0 errors, 3 left on base; Cincinnati 3 - Chicago 9
BOTTOM OF THE 8TH
Chicago Cubs batting - Pitching for Cincinnati Reds : RHP Jim Morris
Pitching: RHP Ron Lowe
Now at 3B: Jose Peraza
Now in LF: Jesse Winker
Now in CF: Mike Lambright
Pinch Hitting: SHB Dan Williams 0-0: Ball
1-0: Ground out 3-1 (Groundball, 34, EV 88.8 MPH)
Batting: RHB Franklin Barreto 0-0: Called Strike
0-1: Ball
1-1: SINGLE (Flyball, 4MD, EV 92.5 MPH)
Batting: RHB Ben Collins 0-0: Called Strike
0-1: Foul Ball, location: 25F
0-2: SINGLE (Groundball, 5D, EV 96.3 MPH)
Franklin Barreto to second
Batting: RHB Stephen Piscotty 0-0: Ball
1-0: Called Strike
1-1: Ball
2-1: Called Strike
2-2: Ball
3-2: Foul Ball, location: 9LSF
3-2: Strikes out swinging
Batting: LHB Dave Hopper 0-0: Ball
1-0: Foul Ball, location: 2F
1-1: Swinging Strike
1-2: Foul Ball, location: 2F
1-2: Ball
2-2: SINGLE (Line Drive, 89M, EV 106.3 MPH)
Franklin Barreto to third
Ben Collins to second
Runner from 3rd tries for Home, SAFE, throw by RF to home
Ben Collins to third
Dave Hopper to second
Batting: RHB Kris Bryant 0-0: Ball
1-0: Foul Ball, location: 3F
1-1: DOUBLE (Line Drive, 3D, EV 104.4 MPH)
Ben Collins scores
Dave Hopper scores
Batting: SHB Fidel Mejia 0-0: Swinging Strike
0-1: Ball
1-1: Fly out, F9 (Flyball, 9D, EV 86.9 MPH)
Bottom of the 8th over - 3 runs, 4 hits, 0 errors, 1 left on base; Cincinnati 3 - Chicago 12
TOP OF THE 9TH
Cincinnati Reds batting - Pitching for Chicago Cubs : RHP Orlando Romero
Now at 3B: Rob Snyder
Batting: LHB José Parra 0-0: Ball
1-0: Ground out U3 (Groundball, 3, EV 84.4 MPH)
Batting: LHB Mike Lambright 0-0: Ball
1-0: Swinging Strike
1-1: Fly out, F5 (Popup, 15, EV 79.4 MPH)
Batting: RHB Tito Polo 0-0: Called Strike
0-1: Foul Ball, location: 5F
0-2: Foul Ball, location: 3SF
0-2: Strikes out looking
Top of the 9th over - 0 runs, 0 hits, 0 errors, 0 left on base; Cincinnati 3 - Chicago 12
Tuesday, August 12th , 2025 - OOTP Baseball 26.6 Build 73